AoeStats
← Digital Hazard

Golden Pit

509955732Analyzed
1v1 RM · 4d ago on Sep 28, 2026· 27m 59s· 2 players
Game mode
Random Map
Map size
Tiny (2 player)
Population
200
Speed
Normal
Resources
Standard
Victory
Conquest
Starting age
Dark Age
Ending age
Imperial Age
RankedLock teamsTeams togetherTeam positionsShared explorationLock speedFull tech treeHidden civsTurbo modeCheats
Victory
Defeat
🇵🇹 Ethiopians · Portugal
1067
+17
🇩🇪 Sicilians · Germany
1079
-17
Digital Hazard
10:15 Feudal Age
13:39 Castle Age
12:15 Double-Bit Axe
14:04 Horse Collar
15:51 Horse Collar
16:15 Fletching
19:23 Crossbowman
22:59 Gold Mining
25:45 Heavy Plow
27:05 Padded Archer Armor
28:29 Thumb Ring
Cheapz
10:19 Feudal Age
11:17 Double-Bit Axe
11:56 Horse Collar
16:20 Wheelbarrow
18:48 Castle Age
16:42 Gold Mining
18:55 Fletching
19:43 Crossbowman
20:29 Padded Archer Armor
21:08 Bow Saw
22:12 Scale Barding Armor
22:14 Loom
Connection lost

Rejoining the realm…

Still unreachable

The connection could not be restored.

Session expired

The server has moved on; the page needs a fresh start.